 Dungeon Crawl Stone Soup version 0.23.1 (webtiles) character file.

Game seed: 2140453969864610334

141 Borgoz the Sneak (level 5, -1/40 HPs)
             Began as a Ghoul Enchanter on Mar 2, 2019.
             Was an Initiate of Ashenzari.
             Slain by Sigmund
             ... wielding a +0 scythe
              (4 damage)
             ... on level 4 of the Dungeon.
             The game lasted 00:05:38 (2991 turns).

Borgoz the Sneak (Ghoul Enchanter)                  Turns: 2991, Time: 00:05:38

Health: -1/40      AC:  5    Str:  9 (12) XL:     5   Next: 24%
Magic:  6/6        EV: 10    Int:  8 (10) God:    Ashenzari [......]
Gold:   170        SH:  0    Dex:  9 (10) Spells: 4/7 levels left

rFire    . . .     SeeInvis .   m - +5 dagger
rCold    + . .     Gourm    .   (no shield)
rNeg     + + +     Faith    .   c - +0 ring mail
rPois    ∞         Spirit   .   (no helmet)
rElec    .         Reflect  .   (no cloak)
rCorr    .         Harm     .   (no gloves)
MR       .....                  (no boots)
Stlth    ++........             (no amulet)
HPRegen  0.00/turn              (no ring)
MPRegen  0.10/turn              (no ring)

@: rotting
A: rotting body, claws 1, carnivore, cold resistance 1, negative energy
resistance 3, inhibited regeneration, torment resistance, unbreathing
a: Curse Item, Renounce Religion


You were on level 4 of the Dungeon.
You worshipped Ashenzari.
Ashenzari was noncommittal.
You were not hungry.

You visited 1 branch of the dungeon, and saw 4 of its levels.

You collected 170 gold pieces.

Inventory:

Hand Weapons
 m - a +5 dagger (weapon)
 o - a +2 short sword of protection
Missiles
 n - 4 tomahawks (quivered)
Armour
 c - a +0 ring mail (worn)
Wands
 f - a wand of disintegration (17)
Scrolls
 b - 2 scrolls of teleportation {unknown}
 e - 2 scrolls of magic mapping
 h - 3 scrolls of fear {unknown}
 k - 5 scrolls of remove curse
 p - a scroll of enchant armour {unknown}
Potions
 l - 3 potions of curing
 q - a potion of cancellation
Comestibles
 a - 2 chunks of flesh
 d - 11 rations


   Skills:
 + Level 1.1 Fighting
 + Level 2.3 Short Blades
 + Level 0.8 Throwing
 + Level 0.8 Armour
 + Level 2.8 Dodging
 + Level 4.3 Stealth
 - Level 1.7 Spellcasting
 - Level 2.4 Hexes


You had 4 spell levels left.
You knew the following spells:

 Your Spells              Type           Power        Failure   Level  Hunger
a - Corona                Hex            #......      36%         1    ##.....
b - Ensorcelled Hibernat  Hex/Ice        #.....       67%         2    ###....

Your spell library contained the following spells:

 Spells                   Type           Power        Failure   Level  Hunger
 Confuse                  Hex            #.......     75%         3    ####...
 Tukima's Dance           Hex            #.......     75%         3    ####...
 Dazzling Spray           Conj/Hex       #.....       88%         3    ####...


Dungeon Overview and Level Annotations

Branches:
Dungeon (4/15)
 Temple: D:4-7

Altars:
Ashenzari
Hepliaklqana
The Shining One

Shops:
D:4 [(

Annotations:
D:4 Sigmund


Innate Abilities, Weirdness & Mutations

Your body is rotting away.
You thrive on raw meat.
You are immune to poison.
You have sharp fingernails.
You are carnivorous and can eat meat at any time.
Your flesh is cold resistant. (rC+)
You are immune to negative energy. (rN+++)
You do not regenerate when monsters are visible.
You are immune to unholy pain and torment.
You can survive without breathing.


Message History

Deactivating autopickup; reactivate with Ctrl-A.
It was a potion of lignification.
You feel woody for a moment.
You are confused.
It was a potion of degeneration.
There was something very wrong with that liquid.
You feel weakened.
You feel dopey.
You feel clumsy.
It was a potion of heal wounds.
You feel much better.
A puff of flame appears from out of thin air!
The puff of flame hits you. Something hits you!
You bump into the rock wall.
You feel less confused. Something hits you!
You barely miss something.
You feel better. Something hits you!
Your ring mail prevents you from hitting something.
You closely miss something. Something hits you!
* * * LOW HITPOINT WARNING * * *
You puncture something! Something hits you.
You die...

#∩ #.# #.# #.#
########## #.#
#..@{....# #.#
#.######.#
#.#########.#
####...........#
.....###########
.............
####.######## .#
#.# #
.###.##....


There were no monsters in sight!

Vanquished Creatures
  An orc priest (D:3)
  An adder (D:3)
  A dart slug (D:1)
  2 worms
  2 leopard geckos
  8 orcs (D:3)
  5 giant cockroaches
  8 goblins
  11 hobgoblins
  7 jackals
  3 quokkas
  8 bats
  2 frilled lizards (D:1)
  7 kobolds
  11 rats
77 creatures vanquished.

Notes
Turn   | Place    | Note
-------+----------+-------------------------------------------
     0 | D:1      | Borgoz the Ghoul Enchanter began the quest for the Orb.
     0 | D:1      | Reached XP level 1. HP: 14/14 MP: 2/2
    21 | D:1      | Reached skill level 1 in Short Blades
   122 | D:1      | Reached XP level 2. HP: 17/20 MP: 3/3
   646 | D:1      | Reached XP level 3. HP: 24/26 MP: 4/4
   662 | D:1      | Learned a level 2 spell: Ensorcelled Hibernation
  1425 | D:2      | Reached skill level 4 in Stealth
  1667 | D:2      | Found a hazy altar of Hepliaklqana.
  1942 | D:2      | Found a glowing golden altar of the Shining One.
  2017 | D:3      | Reached XP level 4. HP: 34/34 MP: 5/5
  2332 | D:3      | Reached skill level 1 in Fighting
  2344 | D:3      | Reached XP level 5. HP: 28/40 MP: 2/6
  2440 | D:3      | Found a shattered altar of Ashenzari.
  2745 | D:3      | Became a worshipper of Ashenzari the Shackled
  2932 | D:4      | Found Sanaw's Armour Shop.
  2968 | D:4      | Found Ficubed's Weapon Shop.
  2980 | D:4      | Noticed Sigmund
  2991 | D:4      | Slain by Sigmund

Skill      XL: |  1  2  3  4 |
---------------+-------------+-----
Short Blades   | 1 2 |  2.3
Dodging        | 2 |  2.8
Stealth        | 4 |  4.3
Fighting       | 1 |  1.1
Throwing       | |  0.8
Armour         | |  0.8
Spellcasting   | |  1.7
Hexes          | |  2.4

Action                   |  1- 3 |  4- 6 || total
-------------------------+-------+-------++-------
Melee: Dagger            |   215 |   120 ||   335
 Cast: Corona            |     1 |       ||     1
       Ensorcelled Hiber |       |     1 ||     1
  Use: Potion            |       |     4 ||     4
       Scroll            |       |     3 ||     3
 Stab: Sleeping          |       |     3 ||     3
  Eat: Chunk             |    14 |     8 ||    22
Armor: Ring mail         |    84 |    17 ||   101
       Robe              |     1 |       ||     1
Dodge: Dodged            |    95 |    48 ||   143
